 Dungeon Crawl Stone Soup version 0.24.1-14-gf8d2b509d9 (webtiles) character file.

Game seed: 67178284134197756, levelgen mode: deterministic

25 Descartes the Stinger (level 2, 0/15 HPs)
             Began as a Deep Elf Venom Mage on Sept 18, 2021.
             Slain by an orc
             ... wielding a +0 mace
              (3 damage)
             ... on level 1 of the Dungeon.
             The game lasted 00:03:07 (1056 turns).

Descartes the Stinger (Deep Elf Venom Mage)         Turns: 1056, Time: 00:03:08

Health: 0/15       AC:  3    Str:  5    XL:     2   Next: 82%
Magic:  6/8        EV: 12    Int: 19    God:
Gold:   70         SH:  0    Dex: 15    Spells: 6/7 levels left

rFire    . . .     SeeInvis .   l - +0 dagger
rCold    . . .     Gourm    .   (no shield)
rNeg     . . .     Faith    .   b - +0 leather armour
rPois    .         Spirit   .   (no helmet)
rElec    .         Reflect  .   (no cloak)
rCorr    .         Harm     .   (no gloves)
MR       .....                  (no boots)
Stlth    ++........             (no amulet)
HPRegen  0.05/turn              (no ring)
MPRegen  0.11/turn              (no ring)

@: no status effects
A: no striking features
a: no special abilities


You were on level 1 of the Dungeon.
You were not hungry.

You visited 1 branch of the dungeon, and saw 2 of its levels.

You collected 70 gold pieces.

Inventory:

Hand Weapons
 f - a +0 club
 l - a +0 dagger (weapon)
Missiles
 a - 12 poisoned darts
 d - 33 arrows
 e - 23 bolts
 g - 22 stones (quivered)
Armour
 b - a +0 leather armour (worn)
Scrolls
 k - a scroll of identify {unknown}
Potions
 h - a potion of flight {unknown}
 i - a potion of curing {unknown}
 j - 2 potions of agility {unknown}
Comestibles
 c - 4 rations


   Skills:
 + Level 3.1 Dodging
 + Level 3.2 Stealth
 - Level 3.0 Spellcasting
 - Level 1.1 Conjurations
 + Level 3.7 Poison Magic


You had 6 spell levels left.
You knew the following spells:

 Your Spells              Type           Power        Failure   Level  Hunger
a - Sting                 Conj/Pois      ##..         10%         1    None

Your spell library contained the following spells:

 Spells                   Type           Power        Failure   Level  Hunger
 Poisonous Vapours        Pois/Air       ##....       19%         2    ##.....
 Mephitic Cloud           Conj/Pois/Air  #.......     36%         3    ###....
 Olgreb's Toxic Radiance  Pois           ###.....     47%         4    ####...
 Venom Bolt               Conj/Pois      ##........   95%         5    ######.


Dungeon Overview and Level Annotations

Branches:
Dungeon (2/15)

Altars:


Message History

A hobgoblin comes into view. It is wielding a +0 club.
The orc priest barely misses you. The orc hits you with a +0 mace.
The orc priest hits you from afar with a +0 trident!
Ouch! That really hurt!
* * * LOW HITPOINT WARNING * * *
The hobgoblin closely misses you.
You climb upwards.
There is a stone staircase leading down here.
The orc misses you.
Your magical contamination has completely faded away.
Casting: Sting (safe; 10% risk of failure)
Confirm with . or Enter, or press ? or * to list all spells.
Aiming: Sting (safe; 10% risk of failure)
Press: ? - help, Shift-Dir - straight line, f - orc
Aim: an orc, wielding a +0 mace and wearing a cursed +0 leather armour The sting hits the orc.
The orc is poisoned.
The orc is heavily wounded.
The orc hits you with a +0 mace.
You die...

#.#.###.#.#........
#.#.###.#.####+####
#.#.###.#..........
#.#...#.###########
#.....#............
###.###############
#.># ###.#.#####..
#.## #.#....)...
#@# #.######..# #o#
#.# #..# #g#
#.######..# #.#
#>#........ #.#
#.......... #.#
#...≈≈≈≈... #.#
#...≈≈≈≈⌠..
#.######...≈≈≈≈...
#...g............#


You could see an orc and a hobgoblin.

Vanquished Creatures
  A leopard gecko (D:1)
  A giant cockroach (D:1)
  3 goblins (D:1)
  4 hobgoblins (D:1)
  7 bats (D:1)
  4 kobolds (D:1)
  4 rats (D:1)
24 creatures vanquished.

Notes
Turn   | Place    | Note
-------+----------+-------------------------------------------
     0 | D:1      | Descartes the Deep Elf Venom Mage began the quest for the
                  | Orb.
     0 | D:1      | Reached XP level 1. HP: 10/10 MP: 6/6
   285 | D:1      | Reached XP level 2. HP: 15/15 MP: 2/8
  1056 | D:1      | Slain by an orc

Levels and vault maps discovered:
D:1:      zelgadis_glass_arrival_large, layout_loops_ring,
          serial_park_tiny_pond, chequers_serial_rivers_micro_e
D:2:      layout_loops_corners, first_ration

Skill      XL: |  1  2 |
---------------+-------+-----
Stealth        | 3 |  3.2
Dodging        | 3 |  3.1
Spellcasting   | |  3.0
Conjurations   | |  1.1
Poison Magic   | |  3.7

Action                   || total
-------------------------++-------
Melee: Dagger            ||     3
 Cast: Sting             ||    47
Armor: Leather armour    ||     3
Dodge: Dodged            ||    13
